[ AOE2 MATCH · #505434077 ]
UnrankedGeorgians vs Koreans
Player's team · LOSS
Rival team · WIN
[ REPLAY ANALYSIS · EXTRACTED FROM THE RECORDED GAME ]
Feudal
8:50
Castle
22:12
Imperial
—
| APM avg | 94.2 |
| APM peak | 141 |
| eAPM avg | 41.9 |
| Villagers / military | 125 / 60 |
Focus
⚔️ 40.5% · 🌾 59.5%
Archer ×22 · Mangonel ×15 · Knight ×8 · Skirmisher ×5 · Scout Cavalry ×5 · Monk ×2
Feudal
11:22
Castle
21:19
Imperial
35:13
| APM avg | 84.2 |
| APM peak | 148 |
| eAPM avg | 44.2 |
| Villagers / military | 109 / 62 |
Focus
⚔️ 62.5% · 🌾 37.5%
Skirmisher ×27 · Archer ×13 · Fire Lancer ×8 · Militia ×6 · Spearman ×5 · Iron Pagoda ×2
Match map
Initial resources + every placement click. Lines = walls · curves = elevation contours. ◆ gold · ⬟ stone · ● berries · ✦ relic · ◌ wall gap
Your base· ✓ Closed at 22:12 · 33t walls · no gate
F1Re's base· Open — opponent sealed themselves in
Smoothed initial terrain · ◌ = detected wall gap · hover for details
Inputs per minute
— SalzZ_classicpro - - F1Re
Build order — SalzZ_classicpro
First 150 of 340 actions detected
| 0:00 | Create | Villager (Male) |
| 0:01 | Build | House |
| 0:02 | Build | House |
| 0:10 | Create | Villager (Male) |
| 0:10 | Create | Villager (Male) |
| 0:16 | Create | Villager (Male) |
| 1:27 | Create | Villager (Male) |
| 2:01 | Create | Villager (Male) |
| 2:16 | Create | Villager (Male) |
| 2:16 | Create | Villager (Male) |
| 2:36 | Build | Mule Cart |
| 2:50 | Create | Villager (Male) |
| 3:08 | Create | Villager (Male) |
| 3:09 | Create | Villager (Male) |
| 3:13 | Create | Villager (Male) |
| 3:13 | Create | Villager (Male) |
| 3:41 | Build | House |
| 3:51 | Create | Villager (Male) |
| 3:52 | Create | Villager (Male) |
| 4:26 | Create | Villager (Male) |
| 4:26 | Create | Villager (Male) |
| 4:27 | Create | Villager (Male) |
| 4:41 | Create | Villager (Male) |
| 4:42 | Create | Villager (Male) |
| 4:53 | Create | Villager (Male) |
| 5:06 | Build | Mill |
| 5:38 | Research | Loom |
| 5:58 | Build | Palisade Wall |
| 6:01 | Build | Palisade Wall |
| 6:15 | Create | Villager (Male) |
| 6:37 | Research | Feudal Age |
| 6:56 | Build | House |
| 8:00 | Build | Barracks |
| 8:04 | Build | Palisade Wall |
| 8:07 | Build | Palisade Wall |
| 8:08 | Build | Palisade Wall |
| 8:20 | Create | Villager (Male) |
| 8:50 | Age | Feudal Age |
| 8:51 | Build | Palisade Wall |
| 9:06 | Build | Stable |
| 9:12 | Create | Villager (Male) |
| 9:25 | Research | Double-Bit Axe |
| 9:25 | Research | Double-Bit Axe |
| 9:25 | Research | Double-Bit Axe |
| 9:28 | Build | Palisade Wall |
| 9:30 | Build | House |
| 9:35 | Create | Villager (Male) |
| 9:50 | Create | Scout Cavalry |
| 9:50 | Create | Scout Cavalry |
| 10:03 | Create | Villager (Male) |
| 10:19 | Build | Mule Cart |
| 10:29 | Create | Villager (Male) |
| 10:45 | Build | Archery Range |
| 10:49 | Create | Villager (Male) |
| 10:50 | Create | Villager (Male) |
| 11:03 | Create | Villager (Male) |
| 11:03 | Create | Villager (Male) |
| 11:05 | Build | House |
| 11:28 | Build | Farm |
| 11:29 | Build | Farm |
| 11:32 | Create | Villager (Male) |
| 11:44 | Create | Archer |
| 11:44 | Create | Archer |
| 11:53 | Create | Villager (Male) |
| 11:53 | Create | Villager (Male) |
| 12:00 | Build | House |
| 12:12 | Build | Farm |
| 12:24 | Create | Villager (Male) |
| 12:35 | Create | Archer |
| 12:39 | Build | Blacksmith |
| 12:46 | Build | Palisade Wall |
| 12:54 | Build | Farm |
| 12:56 | Create | Villager (Male) |
| 13:17 | Create | Archer |
| 13:20 | Create | Villager (Male) |
| 13:21 | Build | Farm |
| 13:32 | Build | House |
| 13:34 | Research | Fletching |
| 13:34 | Research | Fletching |
| 13:37 | Build | Farm |
| 13:38 | Build | Farm |
| 13:41 | Build | House |
| 13:55 | Create | Villager (Male) |
| 13:55 | Create | Villager (Male) |
| 14:13 | Create | Archer |
| 14:14 | Create | Villager (Male) |
| 14:29 | Build | Farm |
| 14:31 | Build | Farm |
| 14:39 | Build | House |
| 14:41 | Create | Archer |
| 14:46 | Research | Horse Collar |
| 14:46 | Research | Horse Collar |
| 14:46 | Create | Villager (Male) |
| 14:59 | Create | Villager (Male) |
| 14:59 | Create | Villager (Male) |
| 15:05 | Build | Palisade Wall |
| 15:09 | Build | Palisade Wall |
| 15:13 | Create | Skirmisher |
| 15:19 | Build | Farm |
| 15:32 | Create | Villager (Male) |
| 15:33 | Build | Farm |
| 15:44 | Build | House |
| 15:46 | Create | Skirmisher |
| 15:50 | Create | Scout Cavalry |
| 15:50 | Create | Scout Cavalry |
| 16:02 | Create | Villager (Male) |
| 16:02 | Create | Villager (Male) |
| 16:04 | Build | Farm |
| 16:17 | Create | Villager (Male) |
| 16:17 | Create | Villager (Male) |
| 16:24 | Build | Farm |
| 16:25 | Build | Farm |
| 16:32 | Create | Scout Cavalry |
| 16:40 | Build | Farm |
| 16:46 | Create | Archer |
| 16:50 | Create | Villager (Male) |
| 16:53 | Build | Farm |
| 17:02 | Create | Villager (Male) |
| 17:19 | Create | Archer |
| 17:21 | Build | Farm |
| 17:24 | Build | Farm |
| 17:25 | Create | Villager (Male) |
| 17:30 | Create | Archer |
| 17:32 | Build | Palisade Wall |
| 17:34 | Build | Palisade Wall |
| 17:45 | Build | Farm |
| 17:50 | Create | Villager (Male) |
| 17:55 | Build | House |
| 17:56 | Build | House |
| 18:06 | Create | Archer |
| 18:26 | Build | House |
| 18:28 | Build | Palisade Wall |
| 18:34 | Build | Palisade Wall |
| 18:35 | Create | Villager (Male) |
| 18:36 | Build | Palisade Wall |
| 18:38 | Build | Palisade Wall |
| 18:45 | Build | Farm |
| 18:56 | Create | Villager (Male) |
| 18:58 | Create | Archer |
| 19:19 | Build | Archery Range |
| 19:32 | Research | Castle Age |
| 19:32 | Research | Castle Age |
| 19:39 | Create | Archer |
| 19:44 | Build | House |
| 20:06 | Research | Padded Archer Armor |
| 20:07 | Research | Padded Archer Armor |
| 20:08 | Create | Archer |
| 20:12 | Create | Archer |
| 20:28 | Create | Archer |
| 20:28 | Create | Archer |
Build order — F1Re
First 150 of 330 actions detected
| 0:00 | Create | Villager (Male) |
| 0:02 | Build | House |
| 0:03 | Build | House |
| 0:05 | Create | Villager (Male) |
| 0:06 | Create | Villager (Male) |
| 0:09 | Create | Villager (Male) |
| 1:28 | Create | Villager (Male) |
| 2:05 | Create | Villager (Male) |
| 2:05 | Create | Villager (Male) |
| 2:20 | Create | Villager (Male) |
| 2:20 | Create | Villager (Male) |
| 2:37 | Build | Barracks |
| 2:47 | Create | Villager (Male) |
| 2:47 | Create | Villager (Male) |
| 3:07 | Build | House |
| 3:09 | Create | Villager (Male) |
| 3:42 | Create | Villager (Male) |
| 3:58 | Create | Militia |
| 4:03 | Create | Militia |
| 4:07 | Build | House |
| 4:12 | Create | Villager (Male) |
| 4:12 | Create | Villager (Male) |
| 4:26 | Build | House |
| 4:31 | Create | Villager (Male) |
| 4:46 | Create | Militia |
| 4:59 | Create | Villager (Male) |
| 4:59 | Create | Villager (Male) |
| 5:19 | Create | Villager (Male) |
| 5:36 | Create | Villager (Male) |
| 5:59 | Create | Villager (Male) |
| 6:05 | Create | Villager (Male) |
| 6:28 | Create | Villager (Male) |
| 6:37 | Research | Loom |
| 6:37 | Research | Loom |
| 7:02 | Create | Villager (Male) |
| 7:04 | Build | Lumber Camp |
| 7:30 | Create | Villager (Male) |
| 7:49 | Create | Villager (Male) |
| 8:10 | Create | Villager (Male) |
| 8:25 | Create | Villager (Male) |
| 9:03 | Build | Mill |
| 9:12 | Research | Feudal Age |
| 9:21 | Build | Palisade Wall |
| 9:23 | Build | Palisade Wall |
| 9:39 | Build | House |
| 9:50 | Build | House |
| 9:53 | Build | Palisade Wall |
| 9:54 | Build | Palisade Wall |
| 9:54 | Build | Palisade Wall |
| 9:55 | Build | Palisade Wall |
| 9:59 | Build | Farm |
| 10:01 | Build | Farm |
| 10:23 | Create | Militia |
| 10:23 | Create | Militia |
| 10:24 | Create | Militia |
| 10:37 | Build | Farm |
| 10:39 | Build | House |
| 10:49 | Build | Mining Camp |
| 10:50 | Build | Palisade Wall |
| 10:52 | Build | Palisade Wall |
| 10:57 | Build | Palisade Wall |
| 11:19 | Build | Palisade Wall |
| 11:22 | Age | Feudal Age |
| 11:24 | Create | Spearman |
| 11:25 | Research | Double-Bit Axe |
| 11:25 | Create | Villager (Male) |
| 11:40 | Create | Villager (Male) |
| 11:49 | Build | Archery Range |
| 11:56 | Create | Villager (Male) |
| 12:12 | Build | Farm |
| 12:19 | Create | Spearman |
| 12:25 | Create | Archer |
| 12:25 | Create | Archer |
| 12:35 | Build | Farm |
| 12:36 | Create | Villager (Male) |
| 12:54 | Research | Horse Collar |
| 12:54 | Research | Horse Collar |
| 12:55 | Create | Villager (Male) |
| 13:00 | Create | Skirmisher |
| 13:06 | Build | Watch Tower |
| 13:21 | Build | Farm |
| 13:21 | Create | Villager (Male) |
| 13:22 | Create | Skirmisher |
| 13:38 | Create | Skirmisher |
| 13:39 | Create | Villager (Male) |
| 14:14 | Create | Villager (Male) |
| 14:22 | Build | Farm |
| 14:25 | Create | Skirmisher |
| 14:40 | Build | Blacksmith |
| 14:45 | Create | Villager (Male) |
| 14:46 | Create | Spearman |
| 14:54 | Build | House |
| 15:04 | Build | Farm |
| 15:06 | Create | Villager (Male) |
| 15:22 | Create | Villager (Male) |
| 15:26 | Research | Fletching |
| 15:26 | Research | Fletching |
| 15:29 | Build | Lumber Camp |
| 15:36 | Create | Villager (Male) |
| 15:43 | Create | Skirmisher |
| 15:52 | Create | Villager (Male) |
| 15:55 | Build | Farm |
| 16:12 | Build | Farm |
| 16:27 | Build | Farm |
| 16:28 | Build | Farm |
| 16:37 | Build | Farm |
| 16:46 | Build | Farm |
| 16:48 | Build | Farm |
| 16:50 | Create | Villager (Male) |
| 17:00 | Build | Farm |
| 17:03 | Build | Farm |
| 17:07 | Build | House |
| 17:11 | Build | Farm |
| 17:19 | Build | Farm |
| 17:20 | Create | Villager (Male) |
| 17:33 | Build | Farm |
| 17:40 | Build | House |
| 17:42 | Build | House |
| 17:46 | Create | Villager (Male) |
| 17:56 | Build | Lumber Camp |
| 18:10 | Create | Archer |
| 18:33 | Create | Archer |
| 18:39 | Research | Castle Age |
| 18:39 | Research | Castle Age |
| 18:52 | Create | Archer |
| 18:57 | Build | Archery Range |
| 19:12 | Research | Gold Mining |
| 19:12 | Research | Gold Mining |
| 19:22 | Create | Spearman |
| 19:26 | Build | Mining Camp |
| 19:27 | Build | Palisade Wall |
| 19:28 | Build | Palisade Wall |
| 19:32 | Build | House |
| 19:43 | Create | Skirmisher |
| 19:44 | Create | Archer |
| 19:59 | Create | Spearman |
| 20:03 | Build | Outpost |
| 20:16 | Create | Skirmisher |
| 20:36 | Create | Skirmisher |
| 20:59 | Create | Skirmisher |
| 20:59 | Create | Archer |
| 21:10 | Build | Farm |
| 21:10 | Build | Farm |
| 21:12 | Research | Town Watch |
| 21:19 | Age | Castle Age |
| 21:21 | Research | Crossbowman (upgrade) |
| 21:22 | Research | Elite Skirmisher (upgrade) |
| 21:27 | Create | Villager (Male) |
| 21:45 | Build | Town Center |
| 21:49 | Build | House |
Match timeline
| 2:37 | F1Re · first_building Barracks |
| 5:58 | SalzZ_classicpro · wall_segment Palisade Wall x1 |
| 6:01 | SalzZ_classicpro · wall_segment Palisade Wall x1 |
| 8:00 | SalzZ_classicpro · first_building Barracks |
| 8:04 | SalzZ_classicpro · wall_segment Palisade Wall x1 |
| 8:07 | SalzZ_classicpro · wall_segment Palisade Wall x1 |
| 8:08 | SalzZ_classicpro · wall_segment Palisade Wall x1 |
| 8:50 | SalzZ_classicpro · age_up feudal |
| 8:51 | SalzZ_classicpro · wall_segment Palisade Wall x1 |
| 9:06 | SalzZ_classicpro · first_building Stable |
| 9:21 | F1Re · wall_segment Palisade Wall x4 |
| 9:23 | F1Re · wall_segment Palisade Wall x4 |
| 9:28 | SalzZ_classicpro · wall_segment Palisade Wall x1 |
| 9:53 | F1Re · wall_segment Palisade Wall x1 |
| 9:54 | F1Re · wall_segment Palisade Wall x1 |
| 9:54 | F1Re · wall_segment Palisade Wall x1 |
| 9:55 | F1Re · wall_segment Palisade Wall x1 |
| 10:45 | SalzZ_classicpro · first_building Archery Range |
| 10:50 | F1Re · wall_segment Palisade Wall x1 |
| 10:52 | F1Re · wall_segment Palisade Wall x1 |
| 10:57 | F1Re · wall_segment Palisade Wall x1 |
| 11:19 | F1Re · wall_segment Palisade Wall x1 |
| 11:22 | F1Re · age_up feudal |
| 11:49 | F1Re · first_building Archery Range |
| 12:46 | SalzZ_classicpro · wall_segment Palisade Wall x1 |
| 15:05 | SalzZ_classicpro · wall_segment Palisade Wall x4 |
| 15:09 | SalzZ_classicpro · wall_segment Palisade Wall x8 |
| 17:32 | SalzZ_classicpro · wall_segment Palisade Wall x1 |
| 17:34 | SalzZ_classicpro · wall_segment Palisade Wall x4 |
| 18:28 | SalzZ_classicpro · wall_segment Palisade Wall x2 |
| 18:34 | SalzZ_classicpro · wall_segment Palisade Wall x5 |
| 18:36 | SalzZ_classicpro · wall_segment Palisade Wall x1 |
| 18:38 | SalzZ_classicpro · wall_segment Palisade Wall x1 |
| 19:27 | F1Re · wall_segment Palisade Wall x1 |
| 19:28 | F1Re · wall_segment Palisade Wall x1 |
| 21:19 | F1Re · age_up castle |
| 22:12 | SalzZ_classicpro · age_up castle |
| 22:32 | F1Re · first_building Siege Workshop |
| 22:51 | SalzZ_classicpro · wall_segment Palisade Wall x1 |
| 23:29 | SalzZ_classicpro · first_building Siege Workshop |
| 24:28 | SalzZ_classicpro · first_market_buy 100 wood |
| 24:37 | SalzZ_classicpro · first_building Monastery |
| 25:02 | SalzZ_classicpro · first_market_sell 100 food |
| 32:55 | SalzZ_classicpro · first_building Castle |
| 32:59 | F1Re · first_building Castle |
| 35:13 | F1Re · age_up imperial |
| 35:19 | SalzZ_classicpro · resign |
[ AI ANALYSIS · 1 CREDIT ]
What really happened in this match?
Wolo.gg analyzes every decision: build order, eco, micro, common mistakes by bracket. Personalized analysis on WhatsApp or Discord in 30 seconds.
Civ guide
Georgians
Perfil
Jugador #1754629